 Dungeon Crawl Stone Soup version 0.29.0-4-gdea44cf6ec (webtiles) character file.

Game seed: 10204215013179697570

33 tizbic2 the Cutter (level 3, -4/51 HPs)
             Began as a Naga Berserker on Aug 27, 2022.
             Was a Follower of Trog.
             Slain by a goblin
             ... wielding a +0 club
             ... led by Robin
              (5 damage)
             ... on level 2 of the Dungeon.
             The game lasted 00:05:17 (1562 turns).

tizbic2 the Cutter (Naga Berserker)                 Turns: 1562, Time: 00:05:18

Health: -4/51      AC:  3    Str: 19    XL:     3   Next: 29%
Magic:  3/3        EV:  9    Int: 13    God:    Trog [*.....]
Gold:   24         SH:  0    Dex: 12    Spells: 2/2 levels left

rFire   . . .      SeeInvis +   f - +0 dagger
rCold   . . .      Faith    .   (no shield)
rNeg    . . .      Spirit   .   c - +0 ring mail
rPois   +          Reflect  .   (no helmet)
rElec   .          Harm     .   (no cloak)
rCorr   .          Rampage  .   (no gloves)
Will    .....                   (no barding)
Stlth   ..........              (no amulet)
HPRegen 0.17/turn               a - +6 ring of intelligence
MPRegen 0.08/turn               (no ring)

@: berserking, quick
A: AC +1, large, see invisible, deformed body, poison resistance, slowness 2,
spit poison 1, naga tail 1
a: Spit Poison, Renounce Religion, Berserk


You were on level 2 of the Dungeon.
You worshipped Trog.
Trog was aware of your devotion.
You visited 1 branch of the dungeon, and saw 2 of its levels.

You collected 24 gold pieces.

Inventory:

Hand Weapons
 f - a +0 dagger (weapon)
Armour
 c - a +0 ring mail (worn)
Jewellery
 a - a +6 ring of intelligence (left hand)
Scrolls
 b - a scroll of teleportation {unknown}
 d - 2 scrolls of identify {unknown}
Potions
 e - a potion of curing {unknown}


   Skills:
 + Level 3.2 Fighting
 * Level 3.5 Short Blades
 - Level 1.5 Armour
 - Level 1.5 Dodging
 * Level 2.7 Stealth


You had 2 spell levels left.
You didn't know any spells.
Your spell library was empty.

Dungeon Overview and Level Annotations

Branches:
Dungeon (2/15)

Altars:

Annotations:
D:2 Robin


Innate Abilities, Weirdness & Mutations

Your serpentine skin is tough. (AC +1)
You have supernaturally acute eyesight. (SInv)
Armour fits poorly on your strangely shaped body.
Your system is resistant to poisons. (rPois)
You cover ground very slowly.
You can spit poison.
You have a snake-like lower body.


Message History

Robin throws the goblin at you!
* * * LOW HITPOINT WARNING * * *
The goblin misses you.
Things that are here:
a +0 club; a goblin corpse You hit the goblin.
You kill the goblin!
Trog accepts your kill. The goblin completely misses you.
You see here a +0 club.
A red film seems to cover your vision as you go berserk!
You feel yourself moving faster!
You feel mighty! The goblin hits you but does no damage.
Robin throws the goblin at you!
You closely miss the goblin. The goblin hits you but does no damage.
The goblin hits you with a +0 club.
* * * LOW HITPOINT WARNING * * *
You hit the goblin.
You kill the goblin!
Trog accepts your kill. The goblin closely misses you.
Robin throws the goblin at you!
* * * LOW HITPOINT WARNING * * *
You hit the goblin.
The goblin is severely wounded.
You closely miss the goblin.
The goblin hits you but does no damage. x2
You barely miss the goblin.
The goblin is severely wounded.
You puncture the goblin!
You kill the goblin!
Trog accepts your kill.
The hobgoblin no longer looks unusually strong.
Robin throws the goblin at you! The goblin barely misses you.
The goblin hits you with a +0 club.
* * * LOW HITPOINT WARNING * * *
You barely miss the goblin. You hit the goblin.
The goblin is heavily wounded.
The goblin hits you with a +0 club.
* * * LOW HITPOINT WARNING * * *
The goblin hits you with a +0 club.
You die...

##### #...#
##.#.####
#..#...<#
####@#####.#
#..gg#####.# #
#...###g.g.#.#
....# #Jg..#.#
...######....#.#
g....g.......#.#
...##........#.#
....g..†#....#.#
....#..).#####.#


You could see Robin, an endoplasm, a hobgoblin and 2 goblins.

Vanquished Creatures
  A bat skeleton (D:2)
  An endoplasm (D:1)
  A giant cockroach (D:1)
  4 hobgoblins
  A quokka (D:1)
  2 ball pythons (D:1)
  A bat (D:1)
  11 goblins
  3 kobolds (D:1)
  3 rats
28 creatures vanquished.

Vanquished Creatures (others)
  3 withered plants (D:2)
3 creatures vanquished.

Grand Total: 31 creatures vanquished

Notes
Turn   | Place    | Note
-------+----------+-------------------------------------------
     0 | D:1      | tizbic2 the Naga Berserker began the quest for the Orb.
     0 | D:1      | Reached XP level 1. HP: 21/21 MP: 1/1
     6 | D:1      | Noticed a wolf
     6 | D:1      | Noticed a black mamba
     6 | D:1      | Noticed a polar bear
     7 | D:1      | Noticed a swamp drake
   251 | D:1      | Reached skill level 1 in Stealth
   521 | D:1      | Reached XP level 2. HP: 22/28 MP: 2/2
   835 | D:1      | Found a faded altar of an unknown god.
  1202 | D:2      | Noticed Robin
  1470 | D:2      | Reached XP level 3. HP: 34/34 MP: 3/3
  1562 | D:2      | HP: 1/51 [goblin/+0 club[Robin] (5)]
  1562 | D:2      | Slain by a goblin

Illustrated notes

Levels and vault maps discovered:
D:1:      onia_arrival_zoo_common, layout_basic, ebering_ecumenical_altar_webs
D:2:      layout_rooms, serial_undead, serial_undead_c, serial_undead_e,
          serial_undead_d, serial_undead_b, uniq_crazy_yiuf_cottage, uniq_robin,
          uniq_jessica

Skill      XL: |  1  2 |
---------------+-------+-----
Stealth        | 1 2 |  2.7
Fighting       | |  3.2
Short Blades   | |  3.5
Armour         | |  1.5
Dodging        | |  1.5

Action                   || total
-------------------------++-------
Melee: Short sword       ||    40
       Dagger            ||    34
Invok: Berserk           ||     3
 Abil: Spit Poison       ||    18
Armor: Ring mail         ||    35
Dodge: Dodged            ||    42
